[Event "Titled Tuesday Blitz February 07 Late 2023"]
[White "Desideri, Ricardo Maruchi"]
[Black "Tarnowska, Aleksandra"]
[WhiteFideId "2110440"]
[BlackFideId "1180967"]
[WhiteElo "1959"]
[BlackElo "1835"]
[Result "0-1"]
[Round "08"]
[TimeControl "180+2"]
[Date "2023.02.07"]
[WhiteClock "0:00:09"]
[BlackClock "0:00:42"]

1. e4 c5 2. Nf3 e6 3. d4 cxd4 4. Nxd4 a6 5. Nc3 Qc7 6. Bd3 Nc6 7. Nb3 b5 8. a3 Bb7 9. Be3 Nf6 10. f3 Be7 11. g4 d6 12. g5 Nd7 13. f4 b4 14. Na4 bxa3 15. bxa3 d5 16. exd5 exd5 17. O-O O-O 18. Qh5 g6 19. Qh6 Rfe8 20. Nac5 d4 21. Nxd7 Qxd7 22. Bf2 Bf8 23. Qh4 Qd5 24. Rae1 Ne5 25. Qg3 Qh1# 0-1


[Site "https://www.chess.com"]

[Event "Titled Tuesday Blitz February 07 Late 2023"]
[White "rikchessmx"]
[Black "De Oliveira, Gustavo Alfredo Bue"]
[BlackFideId "2171201"]
[WhiteElo "2230"]
[BlackElo "2139"]
[Result "1-0"]
[Round "08"]
[TimeControl "180+2"]
[Date "2023.02.07"]
[WhiteClock "0:01:39"]
[BlackClock "0:02:18"]

1. e4 c5 2. Nf3 e6 3. d4 cxd4 4. Nxd4 Nc6 5. Nc3 Nf6 6. Nxc6 bxc6 7. Bd3 d5 8. O-O Be7 9. Qe2 O-O 10. Bg5 a5 11. e5 Nd7 12. Bxe7 Qxe7 13. f4 Nc5 14. Bxh7+ Kxh7 15. Qh5+ Kg8 16. Rf3 f5 17. Raf1 Qe8 18. Qg5 Kf7 19. Rg3 Rg8 20. Rff3 Ne4 21. Nxe4 dxe4 22. Rd3 exd3 23. Qh5+ g6 24. Qh4 dxc2 25. Qf6# 1-0


[Site "https://www.chess.com"]

[Event "Titled Tuesday Blitz February 07 Late 2023"]
[White "So, Wesley"]
[Black "Hakobyan, Aram"]
[WhiteFideId "5202213"]
[BlackFideId "13306677"]
[WhiteElo "2760"]
[BlackElo "2608"]
[Result "1/2-1/2"]
[Round "09"]
[TimeControl "180+2"]
[Date "2023.02.07"]
[WhiteClock "0:00:10"]
[BlackClock "0:00:14"]

1. e4 e5 2. Nf3 Nc6 3. Bc4 Bc5 4. O-O d6 5. c3 Nf6 6. d4 Bb6 7. Re1 O-O 8. h3 Nxe4 9. Rxe4 d5 10. Re1 dxc4 11. Nxe5 Nxe5 12. Rxe5 c5 13. Be3 cxd4 14. Bxd4 Be6 15. Re4 Bf5 16. Rf4 Qg5 17. Qf3 Bc7 18. Be3 Bxf4 19. Bxf4 Qg6 20. Nd2 b5 21. a4 bxa4 22. Rxa4 Rad8 23. Rxc4 Rfe8 24. Be3 Be6 25. Rd4 Rxd4 26. Bxd4 Rd8 27. Qe3 Bd5 28. f3 a6 29. Qe7 Qd6 30. Qe3 f6 31. b4 Qd7 32. Qd3 Bf7 33. Qxa6 Re8 34. Ne4 Qe6 35. Qxe6 Bxe6 36. b5 Bd5 37. b6 Ra8 38. Nd6 Ra1+ 39. Kh2 Rb1 40. c4 Bc6 41. c5 Kf8 42. h4 Ke7 43. h5 Ke6 44. Kg3 Rb4 45. Be3 Rb3 46. Bf2 g5 47. hxg6 hxg6 48. Nc4 Bd5 49. Na5 Rb5 50. c6 Rxa5 51. b7 Rb5 52. Ba7 Bxc6 53. b8=Q Rxb8 54. Bxb8 Kf5 55. Kf2 g5 56. g3 Kg6 57. f4 Bd7 58. fxg5 Kxg5 59. Bf4+ Kg4 60. Ke3 f5 61. Be5 Bc6 62. Bd6 Bf3 63. Be5 Be4 64. Bf4 Bf3 65. Be5 Be4 66. Bf4 Bf3 67. Be5 1/2-1/2


[Site "https://www.chess.com"]

[Event "Titled Tuesday Blitz February 07 Late 2023"]
[White "Naroditsky, Daniel"]
[Black "Kollars, Dmitrij"]
[WhiteFideId "2026961"]
[BlackFideId "12909572"]
[WhiteElo "2618"]
[BlackElo "2607"]
[Result "1-0"]
[Round "09"]
[TimeControl "180+2"]
[Date "2023.02.07"]
[WhiteClock "0:00:29"]
[BlackClock "0:00:05"]

1. e4 e5 2. Nf3 Nc6 3. Bb5 a6 4. Ba4 f6 5. d4 exd4 6. c3 d3 7. O-O Bc5 8. Qxd3 Nge7 9. b4 Ba7 10. Bb3 d6 11. Be3 Bxe3 12. Qxe3 Bg4 13. Nbd2 Qd7 14. Nd4 Nxd4 15. cxd4 Be6 16. Rac1 c6 17. d5 Bf7 18. Nc4 Rd8 19. Rfd1 Qc7 20. dxc6 bxc6 21. Na5 O-O 22. Bxf7+ Rxf7 23. Qb3 Kf8 24. Qe6 Qd7 25. Qxd7 Rxd7 26. Nxc6 f5 27. Ne5 Rb7 28. Nxf7 Kxf7 29. exf5 Nxf5 30. a3 Ke6 31. Rc6 a5 32. g4 Nh4 33. Rcxd6+ Ke5 34. bxa5 Rb3 35. R6d3 Rb5 36. a6 Ra5 37. Rd5+ 1-0


[Site "https://www.chess.com"]

[Event "Titled Tuesday Blitz February 07 Late 2023"]
[White "Chigaev, Maksim"]
[Black "Salem, A.R. Saleh"]
[WhiteFideId "4108116"]
[BlackFideId "9301348"]
[WhiteElo "2628"]
[BlackElo "2677"]
[Result "0-1"]
[Round "09"]
[TimeControl "180+2"]
[Date "2023.02.07"]
[WhiteClock "0:00:11"]
[BlackClock "0:00:03"]

1. e4 e5 2. Nf3 Nc6 3. Bc4 Nf6 4. d3 Bc5 5. c3 O-O 6. Bg5 h6 7. Bh4 d6 8. Nbd2 a6 9. a3 Ba7 10. h3 g5 11. Bg3 Kg7 12. Bh2 Nh7 13. g4 Qf6 14. Nf1 Be6 15. Ng3 Kg8 16. Qe2 b5 17. Ba2 Rfd8 18. Nf5 Bxa2 19. Rxa2 Ne7 20. h4 Nxf5 21. hxg5 Nd4 22. gxf6 Nxe2 23. Kxe2 Nxf6 24. Raa1 Kf8 25. Bg3 Ng8 26. g5 hxg5 27. Nxg5 Ke7 28. Rh7 Rf8 29. Rah1 Nf6 30. R7h6 Ng4 31. R6h4 Nf6 32. R4h3 Kd7 33. Bh4 Nh5 34. Bg3 Nf6 35. Rh6 Ng4 36. Rh7 Ke7 37. Bh4 Ke8 38. Rg1 Nf6 39. Rh6 Ng8 40. Rh8 Ne7 41. Rxf8+ Kxf8 42. Nh7+ Ke8 43. Rg8+ Nxg8 0-1


[Site "https://www.chess.com"]

[Event "Titled Tuesday Blitz February 07 Late 2023"]
[White "Paravyan, David"]
[Black "Bluebaum, Matthias"]
[WhiteFideId "4194985"]
[BlackFideId "24651516"]
[WhiteElo "2601"]
[BlackElo "2669"]
[Result "1/2-1/2"]
[Round "09"]
[TimeControl "180+2"]
[Date "2023.02.07"]
[WhiteClock "0:00:09"]
[BlackClock "0:00:21"]

1. Nf3 d5 2. g3 Nf6 3. Bg2 e6 4. O-O Bd6 5. d4 O-O 6. c4 Nc6 7. a3 dxc4 8. Nbd2 Na5 9. e4 Be7 10. a4 b6 11. Re1 Bb7 12. Qc2 Nb3 13. Rb1 Nxd4 14. Nxd4 Qxd4 15. Nxc4 Rad8 16. Bg5 Ba6 17. Rbc1 Bxc4 18. Qxc4 Qxc4 19. Rxc4 c5 20. a5 h6 21. Bxf6 Bxf6 22. e5 Be7 23. axb6 axb6 24. Rc2 Rd4 25. Ra1 Rfd8 26. Ra7 Bf8 27. Bf1 Rb4 28. Kg2 g5 29. Rc3 Bg7 30. Rf3 Rf8 31. b3 Bxe5 32. Rb7 Kg7 33. Bc4 Kg8 34. Rfxf7 Rxf7 35. Bxe6 b5 36. Bxf7+ Kf8 37. Bg6 Rxb3 38. Rf7+ Kg8 39. Rf5 Kg7 40. Rxe5 Kxg6 41. Rxc5 b4 42. Rb5 Rb2 43. g4 b3 44. Rb6+ Kg7 45. Kf3 Rb1 46. Kg3 Kf7 47. Kg2 b2 48. Kf3 Ke7 49. Kg2 Kd7 50. h3 Kc7 51. Rb4 Kc6 52. Rb8 Kc5 53. Rb7 Kc6 54. Rb8 Kd5 55. Rb7 Kc4 56. Rb8 Kd3 57. Rb7 Kc3 58. Rc7+ Kd4 59. Rb7 Ke5 60. Rb8 Kf6 61. Rb5 Kg7 62. Rb6 Kh7 63. Kf3 Kg7 64. Ke2 Kf7 65. Kf3 Ke7 66. Kg2 Kd7 67. Rb5 Kd6 68. Rb8 Kc7 69. Rb4 Kd7 70. Rb8 Kd6 71. Rb3 Ke5 72. Rb8 Ke4 73. Rb7 Kd4 74. Rb8 Ke5 75. Rb7 Ke6 76. Rb8 Kd6 77. Rb7 Kc5 78. Rb8 Kc6 79. Rb3 Kc5 80. Rb8 Kc4 81. Rb7 Kd3 82. Rb8 Kd2 83. Rb7 Kc2 84. Rc7+ Kd3 85. Rd7+ Kc4 86. Rc7+ Kd4 87. Rb7 Ke4 88. Rb8 Kd3 89. Rb7 Kc3 90. Rc7+ Kb3 91. Rb7+ Kc2 92. Rc7+ Kd2 93. Rd7+ Ke2 94. Re7+ Kd3 95. Rd7+ Ke4 96. Re7+ Kd5 97. Rb7 Ke6 98. Kf3 Kf6 99. Rb5 Kg6 100. Rb6+ 1/2-1/2


[Site "https://www.chess.com"]

[Event "Titled Tuesday Blitz February 07 Late 2023"]
[White "Melkumyan, Hrant"]
[Black "Andreikin, Dmitry"]
[WhiteFideId "13302485"]
[BlackFideId "4158814"]
[WhiteElo "2645"]
[BlackElo "2729"]
[Result "0-1"]
[Round "09"]
[TimeControl "180+2"]
[Date "2023.02.07"]
[WhiteClock "0:00:04"]
[BlackClock "0:00:37"]

1. d4 Nf6 2. c4 e6 3. Bf4 a5 4. Nc3 Bb4 5. Rc1 d5 6. e3 a4 7. a3 Bxc3+ 8. Rxc3 Ne4 9. Rc1 c5 10. Nf3 Qa5+ 11. Nd2 cxd4 12. exd4 Nc6 13. Be3 e5 14. cxd5 exd4 15. dxc6 dxe3 16. fxe3 Bg4 17. Qc2 O-O-O 18. cxb7+ Kb8 19. Bd3 Rxd3 20. Qxd3 Rd8 21. Qc2 Nxd2 22. Qc5 Qxc5 23. Rxc5 Nb3 24. Rc4 Rd1+ 25. Kf2 Rxh1 26. Rxg4 g6 27. Rxa4 Rxh2 28. Rb4 Nc5 29. a4 Nd3+ 30. Kg3 Rxg2+ 31. Kxg2 Nxb4 0-1


[Site "https://www.chess.com"]

[Event "Titled Tuesday Blitz February 07 Late 2023"]
[White "Zhigalko, Sergei"]
[Black "Yoo, Christopher Woojin"]
[WhiteFideId "13502956"]
[BlackFideId "30909694"]
[WhiteElo "2572"]
[BlackElo "2607"]
[Result "1-0"]
[Round "09"]
[TimeControl "180+2"]
[Date "2023.02.07"]
[WhiteClock "0:00:07"]
[BlackClock "0:00:05"]

1. e4 c5 2. Nf3 e6 3. c3 d5 4. exd5 Qxd5 5. d4 Nf6 6. Na3 a6 7. Nc4 Nbd7 8. Be2 Be7 9. O-O O-O 10. a4 b6 11. Nfe5 Nxe5 12. dxe5 Qxd1 13. Rxd1 Nd5 14. Bf3 Rb8 15. Nd6 Bxd6 16. exd6 Bb7 17. a5 b5 18. Bxd5 Bxd5 19. Be3 Rbc8 20. b4 cxb4 21. cxb4 Rfd8 22. Rac1 Rxc1 23. Rxc1 Bc4 24. Rd1 f6 25. f4 h5 26. Kf2 Kf7 27. Bb6 Rd7 28. Ke3 Bd5 29. Bc7 Bxg2 30. Rc1 h4 31. Kd4 g5 32. fxg5 fxg5 33. Kc5 g4 34. Kb6 g3 35. hxg3 h3 36. Kxa6 h2 37. Kxb5 h1=Q 38. Rxh1 Bxh1 39. Kc5 e5 40. b5 e4 41. Kd4 Ke6 42. a6 e3 43. Kxe3 Rg7 44. b6 Rxg3+ 45. Kf2 Rg2+ 46. Ke3 Rg3+ 47. Kf2 Rb3 48. b7 Rb2+ 49. Ke3 Rb3+ 50. Kd2 Bxb7 51. axb7 Rxb7 52. Kc2 Rb5 53. Kc3 Rd5 54. Kc4 Rd1 55. Kc5 Kd7 56. Kc4 Kc6 57. Kc3 Kc5 58. Kc2 Rd4 59. Kc3 Rd5 60. Bb8 Rd1 61. Bc7 Kb5 62. Kc2 Rd5 63. Kc3 Rc5+ 64. Kd4 Rc1 65. Ke5 Kc6 66. Ke4 Rd1 67. Ke3 Kc5 68. Ke2 Rd5 69. Ke3 Kc4 70. Ke4 Rd1 71. Ke5 Kc5 72. Ke4 Re1+ 73. Kd3 Re5 74. Kc3 Rd5 75. Bb8 1-0


[Site "https://www.chess.com"]

[Event "Titled Tuesday Blitz February 07 Late 2023"]
[White "Rasulov, Vugar"]
[Black "Swiercz, Dariusz"]
[WhiteFideId "13402390"]
[BlackFideId "1126881"]
[WhiteElo "2523"]
[BlackElo "2637"]
[Result "0-1"]
[Round "09"]
[TimeControl "180+2"]
[Date "2023.02.07"]
[WhiteClock "0:00:06"]
[BlackClock "0:00:08"]

1. Nf3 Nf6 2. c4 g6 3. g3 Bg7 4. Bg2 O-O 5. O-O c6 6. b3 d6 7. d4 e5 8. dxe5 dxe5 9. Qxd8 Rxd8 10. Nc3 e4 11. Ng5 h6 12. Nh3 Ng4 13. Bb2 Rd2 14. Rad1 Rxb2 15. Rd8+ Kh7 16. Na4 Na6 17. Nxb2 Bxb2 18. Bxe4 Nc7 19. Nf4 Bf6 20. Rd2 Ne6 21. Rfd1 Nxf4 22. gxf4 h5 23. Rd6 Kg7 24. Bf3 Be7 25. R6d2 Be6 26. e3 a5 27. a4 Ra6 28. Rd7 Bxd7 29. Rxd7 Bh4 30. Kg2 Rb6 31. Bd1 Nxf2 32. Bc2 Ng4 33. Kf3 Nxh2+ 34. Ke2 Ng4 35. e4 Bg3 36. Kf3 Be1 37. e5 Kf8 38. e6 fxe6 39. Rc7 e5 40. fxe5 Nxe5+ 41. Ke4 Bg3 42. Rh7 Kg8 43. Re7 Rb4 44. Kd4 h4 45. Kc3 Be1+ 46. Kd4 Bg3 47. Kc3 h3 48. Be4 b5 49. cxb5 Rxe4 50. b6 Rb4 51. b7 h2 52. Re8+ Kf7 53. b8=Q Rxb8 54. Rxb8 h1=Q 55. Rb7+ Kf6 56. Rb6 Qc1+ 0-1


[Site "https://www.chess.com"]

[Event "Titled Tuesday Blitz February 07 Late 2023"]
[White "Makhnev, Denis"]
[Black "EREBUNI91"]
[WhiteFideId "13707647"]
[WhiteElo "2483"]
[BlackElo "2759"]
[Result "0-1"]
[Round "09"]
[TimeControl "180+2"]
[Date "2023.02.07"]
[WhiteClock "0:00:02"]
[BlackClock "0:00:27"]

1. d4 Nf6 2. c4 e6 3. Nf3 b6 4. g3 Bb7 5. Bg2 Be7 6. O-O d5 7. Ne5 O-O 8. Nd2 Nbd7 9. cxd5 Nxd5 10. Nxd7 Qxd7 11. Nb3 a5 12. a4 Rfd8 13. Bd2 h6 14. Qc2 Rac8 15. Rfc1 Ba8 16. e3 Bb4 17. Bxb4 Nxb4 18. Qc4 Bxg2 19. Kxg2 Qd6 20. Rd1 e5 21. Rac1 e4 22. Nd2 Re8 23. Rc3 Qf6 24. Qe2 Qf5 25. Kg1 h5 26. h4 Re6 27. Kg2 Rf6 28. Rf1 c6 29. Nc4 Nd5 30. Rcc1 Re8 31. Ne5 c5 32. Qc4 Qe6 33. Qb5 Rf5 34. Qb3 Nf4+ 35. exf4 Qxb3 0-1


[Site "https://www.chess.com"]

[Event "Titled Tuesday Blitz February 07 Late 2023"]
[White "Fedoseev, Vladimir"]
[Black "Mikaelyan, Arman"]
[WhiteFideId "24130737"]
[BlackFideId "13304852"]
[WhiteElo "2680"]
[BlackElo "2523"]
[Result "1/2-1/2"]
[Round "09"]
[TimeControl "180+2"]
[Date "2023.02.07"]
[WhiteClock "0:00:03"]
[BlackClock "0:00:13"]

1. Nf3 g6 2. d4 Bg7 3. e4 d6 4. Bc4 c6 5. Bb3 Nf6 6. Qe2 a5 7. a4 O-O 8. O-O Bg4 9. Nbd2 Nbd7 10. h3 Bxf3 11. Nxf3 d5 12. e5 Ne4 13. c3 Kh8 14. Bc2 f5 15. exf6 exf6 16. Bf4 Qb6 17. Bd3 Rfe8 18. Qc2 Re7 19. c4 f5 20. cxd5 cxd5 21. Rfc1 Rae8 22. Bb5 Nd6 23. Bd3 Rc8 24. Qxc8+ Nxc8 25. Rxc8+ Nf8 26. Bb5 h6 27. Rac1 Kh7 28. Bc7 Qe6 29. Bxa5 g5 30. Bb4 Rf7 31. Re8 Qb6 32. Bc5 Qc7 33. Rce1 Ng6 34. R1e6 g4 35. hxg4 fxg4 36. Bd3 Rf6 37. Ne5 Rxe6 38. Rxe6 Bxe5 39. Bxg6+ Kg7 40. Bh5 Bf6 41. Bxg4 Qf4 42. Bf3 Qc1+ 43. Kh2 Qf4+ 44. Kg1 Qc1+ 45. Kh2 Qf4+ 46. Kg1 1/2-1/2


[Site "https://www.chess.com"]

[Event "Titled Tuesday Blitz February 07 Late 2023"]
[White "Gadimbayli, Abdulla"]
[Black "Bortnyk, Olexandr"]
[WhiteFideId "13404938"]
[BlackFideId "14120828"]
[WhiteElo "2500"]
[BlackElo "2605"]
[Result "0-1"]
[Round "09"]
[TimeControl "180+2"]
[Date "2023.02.07"]
[WhiteClock "0:00:02"]
[BlackClock "0:00:43"]

1. e4 Nf6 2. e5 Nd5 3. d4 d6 4. Nf3 dxe5 5. Nxe5 c6 6. Bc4 Nd7 7. O-O Nxe5 8. dxe5 Bf5 9. Qe2 e6 10. c3 Qh4 11. Nd2 Nf4 12. Qe3 Rd8 13. g3 Nh3+ 14. Kg2 Qh5 15. Be2 Qg6 16. Nb3 h5 17. f3 b6 18. Nd4 Bc5 19. b4 Bxd4 20. cxd4 O-O 21. Rd1 f6 22. exf6 Rxf6 23. Qe5 Rd5 24. Qb8+ Kh7 25. Be3 Ng5 26. h4 Bh3+ 27. Kh2 Nxf3+ 28. Bxf3 Rxf3 29. Bf4 Rf2+ 30. Kg1 Rg2+ 0-1


[Site "https://www.chess.com"]

[Event "Titled Tuesday Blitz February 07 Late 2023"]
[White "Dominguez Perez, Leinier"]
[Black "Kosakowski, Jakub"]
[WhiteFideId "3503240"]
[BlackFideId "1185080"]
[WhiteElo "2739"]
[BlackElo "2485"]
[Result "1/2-1/2"]
[Round "09"]
[TimeControl "180+2"]
[Date "2023.02.07"]
[WhiteClock "0:00:12"]
[BlackClock "0:00:04"]

1. d4 Nf6 2. Nf3 e6 3. e3 b6 4. Bd3 Bb7 5. O-O d5 6. b3 Bd6 7. c4 O-O 8. cxd5 exd5 9. Ba3 c5 10. Nc3 Nbd7 11. Qe2 Qe7 12. Rac1 Rfe8 13. Rfd1 c4 14. Bxd6 cxd3 15. Bxe7 dxe2 16. Nxe2 Rxe7 17. Rc7 Rb8 18. Ne5 Kf8 19. Nd3 Ne8 20. Rc3 Rc8 21. Rdc1 Rxc3 22. Rxc3 Ba6 23. Nef4 Bxd3 24. Nxd5 Re6 25. Rxd3 Rc6 26. Rc3 Rxc3 27. Nxc3 Nc7 28. f3 b5 29. Kf2 b4 30. Na4 Nb6 31. Nc5 Nb5 32. Na6 Nd5 33. e4 Ndc3 34. Nxb4 Nxd4 35. Ke3 Ne6 36. a4 Ke7 37. Nc6+ Kd6 38. Nxa7 Kc5 39. Nc8 Na2 40. f4 Nb4 41. f5 Nd4 42. g4 f6 43. h4 Nxb3 44. g5 Na5 45. e5 Nc4+ 46. Ke4 Nxe5 47. a5 Nec6 48. gxf6 gxf6 49. Nb6 Kd6 50. Nc4+ Ke7 51. h5 h6 52. Kf4 Kd7 53. Ne3 Nxa5 54. Ng4 Ke7 55. Nxh6 Nac6 56. Ng4 Nd5+ 57. Ke4 Nc7 58. h6 Kf7 59. h7 Kg7 60. Nxf6 Ne7 61. Ke5 Nxf5 62. Kxf5 Ne8 63. Nxe8+ Kxh7 1/2-1/2


[Site "https://www.chess.com"]

[Event "Titled Tuesday Blitz February 07 Late 2023"]
[White "Bolourchifard, Farzad"]
[Black "Ibarra Jerez, Jose Carlos"]
[WhiteFideId "12510084"]
[BlackFideId "2226332"]
[WhiteElo "2292"]
[BlackElo "2563"]
[Result "0-1"]
[Round "09"]
[TimeControl "180+2"]
[Date "2023.02.07"]
[WhiteClock "0:00:12"]
[BlackClock "0:00:24"]

1. e4 c5 2. Nc3 a6 3. g3 b5 4. Bg2 Bb7 5. d3 e6 6. Be3 Nf6 7. Nge2 d5 8. exd5 exd5 9. d4 c4 10. O-O Be7 11. Bg5 Nbd7 12. Nf4 h6 13. Nfxd5 Bxd5 14. Nxd5 hxg5 15. Re1 Nxd5 16. Bxd5 Ra7 17. a4 bxa4 18. Qe2 Nb6 19. Bc6+ Kf8 20. d5 Rh6 21. Rad1 Rd6 22. Qe3 Kg8 23. Re2 Rxc6 24. dxc6 Qxd1+ 25. Re1 Qd8 26. Qf3 Rc7 27. Rd1 Qc8 28. Qe3 Na8 29. Qxe7 Rxe7 0-1


[Site "https://www.chess.com"]

[Event "Titled Tuesday Blitz February 07 Late 2023"]
[White "Maksimovic, Bojan"]
[Black "Baskakov, Egor"]
[WhiteFideId "14408120"]
[BlackFideId "24197866"]
[WhiteElo "2486"]
[BlackElo "2215"]
[Result "1-0"]
[Round "09"]
[TimeControl "180+2"]
[Date "2023.02.07"]
[WhiteClock "0:00:05"]
[BlackClock "0:01:19"]

1. e4 c5 2. Nf3 Nf6 3. e5 Nd5 4. Nc3 e6 5. Ne4 Nc6 6. c4 f5 7. cxd5 fxe4 8. dxc6 exf3 9. Qxf3 dxc6 10. Be2 Qd4 11. Qg3 g6 12. d3 Bg7 13. f4 Bd7 14. Rb1 O-O 15. a3 b6 16. Be3 Qa4 17. O-O Rad8 18. Bf3 Bc8 19. Be4 Ba6 20. b3 Qa5 21. b4 cxb4 22. axb4 Qb5 23. Rfc1 Rxd3 24. Bxc6 Rd1+ 25. Rxd1 Qxc6 26. Rbc1 Qe4 27. Rd4 Qf5 28. Rd7 Bxe5 29. Rxa7 Bb5 30. h3 Bd6 31. Rb7 e5 32. fxe5 Bxe5 33. Qf3 Qd3 34. Qxf8+ Kxf8 35. Rc8+ Be8 36. Bh6+ 1-0


[Site "https://www.chess.com"]

[Event "Titled Tuesday Blitz February 07 Late 2023"]
[White "Pichot, Alan"]
[Black "Darini, Pouria"]
[WhiteFideId "110973"]
[BlackFideId "12502200"]
[WhiteElo "2638"]
[BlackElo "2401"]
[Result "0-1"]
[Round "09"]
[TimeControl "180+2"]
[Date "2023.02.07"]
[WhiteClock "0:01:59"]
[BlackClock "0:00:42"]

1. e4 e5 2. Nf3 Nc6 3. Bc4 Bc5 4. c3 Nf6 5. d4 exd4 6. e5 d5 7. Bb5 Ne4 8. cxd4 Bb6 9. Nc3 O-O 10. Be3 Bg4 11. h3 Bh5 12. Qc2 Bg6 13. Qb3 Ne7 14. O-O c6 15. Bd3 Nxc3 16. Qxc3 Nf5 17. Qc2 Nxe3 18. fxe3 Bxd3 19. Qxd3 f6 20. exf6 Qxf6 21. Ne5 Qe6 22. Qb3 c5 23. Qd3 cxd4 24. exd4 Qxe5 0-1


[Site "https://www.chess.com"]

[Event "Titled Tuesday Blitz February 07 Late 2023"]
[White "Becerra, Juan David"]
[Black "Boros, Denes"]
[WhiteFideId "4404998"]
[BlackFideId "722340"]
[WhiteElo "2382"]
[BlackElo "2406"]
[Result "0-1"]
[Round "09"]
[TimeControl "180+2"]
[Date "2023.02.07"]
[WhiteClock "0:00:02"]
[BlackClock "0:00:24"]

1. e4 c5 2. d4 cxd4 3. c3 d3 4. Bxd3 Qc7 5. Nf3 e6 6. O-O Nc6 7. a4 Nf6 8. Na3 d6 9. h3 Be7 10. Bf4 a6 11. Nc4 e5 12. Bg5 Be6 13. Ne3 O-O 14. Nh4 g6 15. Bh6 Rfe8 16. Nf3 Rad8 17. c4 Nb4 18. Nd5 Bxd5 19. cxd5 Nxd3 20. Qxd3 Qb6 21. b3 Qb4 22. Rfe1 Nd7 23. Be3 Rc8 24. Rec1 Nc5 25. Bxc5 Rxc5 26. Rxc5 Qxc5 27. g3 Bd8 28. Qc4 Bb6 29. Qxc5 Bxc5 30. Kf1 h6 31. Rc1 Kg7 32. Ke2 f5 33. Nd2 b5 34. g4 Kf6 35. gxf5 gxf5 36. exf5 e4 37. axb5 axb5 38. Nf1 Ra8 39. Ne3 Ke5 40. Rc2 h5 0-1


[Site "https://www.chess.com"]

[Event "Titled Tuesday Blitz February 07 Late 2023"]
[White "Carlsen, Magnus"]
[Black "Ozates, Tuna"]
[WhiteFideId "1503014"]
[BlackFideId "6354521"]
[WhiteElo "2853"]
[BlackElo "2251"]
[Result "1-0"]
[Round "09"]
[TimeControl "180+2"]
[Date "2023.02.07"]
[WhiteClock "0:01:07"]
[BlackClock "0:00:19"]

1. d4 d5 2. c4 e6 3. Nc3 Nf6 4. Nf3 dxc4 5. g4 c5 6. g5 Nd5 7. Bg2 Nc6 8. O-O Nxc3 9. bxc3 Be7 10. dxc5 Qxd1 11. Rxd1 Bxc5 12. Nd2 Ne5 13. Ne4 Be7 14. Bf4 Nc6 15. Rab1 O-O 16. Nd6 e5 17. Be3 Rd8 18. Nxc8 Raxc8 19. Rxd8+ Nxd8 20. h4 b6 21. Rd1 Ne6 22. Rd5 Bc5 23. Rxe5 Bxe3 24. Rxe3 Rc5 25. Bh3 Rc6 26. Kg2 Kf8 27. Kg3 Ke7 28. f4 g6 29. f5 gxf5 30. Bxf5 b5 31. Bxh7 a5 32. a3 Kf8 33. Bc2 Rd6 34. Re5 Rd2 35. Bh7 Kg7 36. Bf5 Rb2 37. Bxe6 fxe6 38. h5 Rb3 39. h6+ Kh7 40. Rxe6 Rxc3+ 41. Kg4 Rxa3 42. Re7+ Kg8 43. g6 1-0


[Site "https://www.chess.com"]

[Event "Titled Tuesday Blitz February 07 Late 2023"]
[White "Makridis, Dimitrios"]
[Black "Dubov, Daniil"]
[WhiteFideId "25864475"]
[BlackFideId "24126055"]
[WhiteElo "2356"]
[BlackElo "2708"]
[Result "1-0"]
[Round "09"]
[TimeControl "180+2"]
[Date "2023.02.07"]
[WhiteClock "0:00:07"]
[BlackClock "0:00:01"]

1. e4 d5 2. exd5 Qxd5 3. Nc3 Qd6 4. d4 Nf6 5. Nf3 Nc6 6. Bb5 a6 7. Ba4 b5 8. Bb3 Bb7 9. O-O e6 10. d5 exd5 11. Nxd5 O-O-O 12. Bf4 Qc5 13. Be3 Rxd5 14. Bxc5 Rxd1 15. Raxd1 Bxc5 16. Bxf7 Rf8 17. Be6+ Kb8 18. c3 Nd8 19. Bb3 Bxf3 20. gxf3 Bd6 21. Rfe1 Nc6 22. a4 Ne5 23. Re3 Nh5 24. axb5 Nf4 25. bxa6 Ka7 26. Bc2 Rf6 27. b4 Kxa6 28. Rd4 Ne6 29. Rd5 Nxf3+ 30. Kf1 Nxh2+ 31. Ke1 Ng4 32. Ra5+ Kb6 33. Re2 Nxf2 34. Ba4 Nd3+ 35. Kd2 Ndf4 36. Rb5+ Ka7 37. Ra5+ Kb7 38. Re1 c6 39. Ra1 Kc7 40. Ra7+ Kd8 41. Bxc6 Nc7 42. b5 Bc5 43. Rb7 Rd6+ 44. Kc2 Nfe6 45. Rf1 g5 46. Rf7 Kc8 47. Rxh7 Rd8 48. b6 Na6 49. Ra7 Bxb6 50. Ra8+ Nb8 51. Bb7# 1-0


[Site "https://www.chess.com"]

[Event "Titled Tuesday Blitz February 07 Late 2023"]
[White "Duda, Jan-Krzysztof"]
[Black "Halkias, Stelios"]
[WhiteFideId "1170546"]
[BlackFideId "4201809"]
[WhiteElo "2724"]
[BlackElo "2511"]
[Result "1-0"]
[Round "09"]
[TimeControl "180+2"]
[Date "2023.02.07"]
[WhiteClock "0:01:36"]
[BlackClock "0:01:20"]

1. b4 Nf6 2. Bb2 g6 3. Nf3 Bg7 4. c4 d6 5. d4 O-O 6. a4 Nc6 7. b5 Na5 8. e3 c5 9. Be2 cxd4 10. exd4 Bg4 11. Nbd2 Rc8 12. Rc1 Nd7 13. O-O Bh6 14. Rc2 Nb6 15. c5 Nxa4 16. Ba1 Be6 17. Rc1 Nxc5 18. dxc5 dxc5 19. Qc2 b6 20. Rcd1 Qe8 21. Qc3 f6 22. h4 Qf7 23. Ng5 Bxg5 24. hxg5 Bd5 25. Rfe1 Rcd8 26. Bg4 Rd6 27. gxf6 exf6 28. Ne4 1-0


[Site "https://www.chess.com"]

[Event "Titled Tuesday Blitz February 07 Late 2023"]
[White "Koziorowicz, Michal"]
[Black "Deac, Bogdan-Daniel"]
[WhiteFideId "21809194"]
[BlackFideId "1226380"]
[WhiteElo "2307"]
[BlackElo "2700"]
[Result "0-1"]
[Round "09"]
[TimeControl "180+2"]
[Date "2023.02.07"]
[WhiteClock "0:00:05"]
[BlackClock "0:00:04"]

1. e4 c6 2. d4 d5 3. e5 Bf5 4. h4 h5 5. Bg5 Qb6 6. Bd3 Bxd3 7. Qxd3 e6 8. Nd2 Ne7 9. Ne2 Nf5 10. O-O Nd7 11. c4 Qa6 12. Rfc1 Be7 13. Bxe7 Nxe7 14. b3 Nf5 15. Nf3 Rd8 16. Nf4 Nf8 17. Qc3 Ne7 18. a4 dxc4 19. bxc4 Nfg6 20. Nd3 b6 21. a5 Qb7 22. axb6 axb6 23. Rcb1 O-O 24. Qb4 Nc8 25. Nc5 Qe7 26. Ne4 Nxh4 27. Qxe7 Nxf3+ 28. gxf3 Nxe7 29. Nd6 Nf5 30. Nxf5 exf5 31. Rxb6 Rxd4 32. Rxc6 Rb8 33. Rc7 h4 34. Raa7 Rb1+ 35. Kg2 Rdd1 36. f4 Rg1+ 37. Kf3 h3 38. Rc8+ Kh7 39. Raa8 Rb3+ 40. Ke2 Rc1 41. Rh8+ Kg6 42. Ra6+ f6 43. exf6 gxf6 44. Rf8 Kh5 45. Rfxf6 Rc2+ 46. Kd1 Rxf2 47. Rh6+ Kg4 48. Rag6+ Kxf4 49. Rh4+ Ke5 50. Ke1 Ra2 51. Rg8 Rb1# 0-1


[Site "https://www.chess.com"]

[Event "Titled Tuesday Blitz February 07 Late 2023"]
[White "Goltsev, Dmitry"]
[Black "Zierk, Steven"]
[WhiteFideId "24176710"]
[BlackFideId "2034255"]
[WhiteElo "2269"]
[BlackElo "2488"]
[Result "1-0"]
[Round "09"]
[TimeControl "180+2"]
[Date "2023.02.07"]
[WhiteClock "0:00:07"]
[BlackClock "0:00:13"]

1. e4 e6 2. d4 d5 3. exd5 exd5 4. Nf3 Nc6 5. c4 Nf6 6. Nc3 Bb4 7. Bd3 O-O 8. O-O dxc4 9. Bxc4 Bg4 10. Bg5 h6 11. Bh4 Bxf3 12. Qxf3 Qxd4 13. Bxf6 Qxc4 14. Qg3 g6 15. Qxc7 Qe6 16. Qf4 Bd6 17. Qh4 Rfe8 18. Rad1 h5 19. Nd5 Ne5 20. Qg5 Nd7 21. Bc3 Qg4 22. Qh6 Be5 23. Nc7 Bxc3 24. bxc3 Ne5 25. Nxa8 Nf3+ 26. Kh1 Nh4 27. Rg1 Rxa8 28. Rd4 Nf5 29. Rxg4 Nxh6 30. Rb4 b6 31. Re1 Rc8 32. c4 Nf5 33. h3 Nd4 34. Rc1 Rc5 35. Ra4 Nc6 36. Rd1 Rf5 37. Rd6 Na5 38. f3 Re5 39. Rd5 Re1+ 40. Kh2 Nc6 41. Rd6 Ne5 42. Rxa7 Re2 43. Kg1 Nxc4 44. Rd8+ Kg7 45. Rdd7 Ne5 46. Re7 Kf6 47. Kf1 Rb2 48. f4 Nc6 49. Rxf7+ Ke6 50. Rac7 Nd4 51. Rf8 Nf5 52. Rb7 Ne3+ 53. Ke1 Nxg2+ 54. Kd1 Rb4 55. a3 Rb3 56. Kc2 Rxa3 57. Rxb6+ Ke7 58. Rff6 Ne3+ 59. Kc1 Rc3+ 60. Kd2 Ra3 61. Rbe6+ Kd7 62. Rxe3 Ra2+ 63. Kd3 Rg2 64. Rfe6 h4 65. Ra6 Rg1 66. Ke4 Rf1 67. Rxg6 Ke7 68. f5 Kf7 69. Ra6 Rb1 70. Kf4 1-0


[Site "https://www.chess.com"]